 Dungeon Crawl Stone Soup version 0.21-a0-417-g0adc95b (webtiles) character file.

75 Atlas the Firebug (level 4, -3/34 HPs)
             Began as a Draconian Fire Elementalist on Nov 4, 2017.
             Slain by Sigmund
             ... wielding a +0 scythe
              (8 damage)
             ... on level 2 of the Dungeon.
             The game lasted 00:02:53 (1924 turns).

Atlas the Firebug (Draconian Fire Elementalist)     Turns: 1924, Time: 00:02:54

Health: -3/34      AC:  5    Str: 16    XL:     4   Next: 11%
Magic:  7/7        EV: 12    Int: 16    God:
Gold:   52         SH:  0    Dex: 11    Spells: 7/8 levels left

rFire    . . .     SeeInvis .   d - +1 short sword (flame)
rCold    . . .     Gourm    .   (no shield)
rNeg     . . .     Faith    .   (armour unavailable)
rPois    .         Spirit   .   (helmet restricted)
rElec    .         Reflect  .   (no cloak)
rCorr    .         Harm     .   (no gloves)
MR       .....                  (no boots)
Stlth    ++........             (no amulet)
HPRegen  0.11/turn              (no ring)
MPRegen  0.10/turn              (no ring)

@: mighty
A: unfitting armour, cold-blooded, AC +5
a: no special abilities


You were on level 2 of the Dungeon.
You were not hungry.

You visited 1 branch of the dungeon, and saw 2 of its levels.

You collected 52 gold pieces.

Inventory:

Hand Weapons
 d - a +1 short sword of flaming (weapon)
Scrolls
 e - a scroll of amnesia {unknown}
 f - a scroll of blinking {unknown}
 g - a scroll of identify
 j - a scroll of enchant weapon {unknown}
 k - a scroll of fog {unknown}
 l - a scroll of random uselessness {unknown}
Potions
 c - a potion of resistance
Books
 a - a book of Flames

   Spells                             Type                      Level
   a - Flame Tongue                   Conjuration/Fire             1
   b - Throw Flame                    Conjuration/Fire             2
   c - Conjure Flame                  Conjuration/Fire             3
   d - Inner Flame                    Hexes/Fire                   3
   e - Sticky Flame                   Conjuration/Fire             4
   f - Fireball                       Conjuration/Fire             5
Comestibles
 b - 2 bread rations
 h - a royal jelly
 m - 2 chunks of flesh


   Skills:
 + Level 0.4 Fighting
 + Level 0.6 Short Blades
 + Level 2.1 Dodging
 + Level 1.9 Stealth
 + Level 0.5 Unarmed Combat
 + Level 2.5 Spellcasting
 + Level 1.2 Conjurations
 + Level 3.9 Fire Magic


You had 7 spell levels left.
You knew the following spells:

 Your Spells              Type           Power        Failure   Level  Hunger
a - Flame Tongue          Conj/Fire      ##...        7%          1    #......


Dungeon Overview and Level Annotations

Branches:
Dungeon (2/15)

Altars:
Gozag

Shops:
D:2 *

Annotations:
D:2 Sigmund


Innate Abilities, Weirdness & Mutations

Your plain brown scales are hard. (AC +5)
You cannot fit into any form of body armour.
You are cold-blooded and may be slowed by cold attacks.


Message History

You miss the jackal.
The jackal bites you but does no damage.
Something hits you.
The jackal bites you but does no damage.
You barely miss the jackal.
The jackal bites you but does no damage.
You barely miss the jackal.
Your tail-slap misses the jackal.
The jackal misses you. Something hits you!
* * * LOW HITPOINT WARNING * * *
The jackal barely misses you.
You puncture the jackal! You burn the jackal.
You kill the jackal!
Something barely misses you.
You see here a jackal corpse.
You closely miss something.
Your tail-slap misses something.
Something hits you but does no damage.
You closely miss something. You tail-slap something!
The frilled lizard unfolds its giant frill.
Something hits you!
You die...

..# #.#.# #.##
#.##..## ..# #.#.# #.#
####.≈≈≈ #.# ..#.# #.#
#.≈.. #.##### ###.#
#.# ##≈.⌠ ....l.# #.#
#.# #≈.. #.###.# #.#
#.. ....≈.⌠
...##.#######.# #.#
####≈..
#@###.#.......######.#
#≈≈≈
...#..........l{@....#
####
#.#......#############
.........# #.#......#
.........# #####.####
###


You could see a frilled lizard.

Vanquished Creatures
  Natasha (D:2)
  An adder (D:2)
  A leopard gecko (D:1)
  3 bats
  4 giant cockroaches
  3 goblins (D:1)
  8 hobgoblins
  5 jackals
  A frilled lizard (D:1)
  7 kobolds (D:1)
  A rat (D:1)
35 creatures vanquished.

Notes
Turn   | Place    | Note
-------+----------+-------------------------------------------
     0 | D:1      | Atlas the Draconian Fire Elementalist began the quest for the Orb.
     0 | D:1      | Reached XP level 1. HP: 14/14 MP: 3/3
   130 | D:1      | Reached XP level 2. HP: 16/20 MP: 1/5
  1000 | D:1      | Reached XP level 3. HP: 8/26 MP: 3/6
  1492 | D:2      | Noticed Natasha
  1504 | D:2      | Killed Natasha
  1798 | D:2      | Found an opulent altar of Gozag.
  1801 | D:2      | Found Gozag's Platinum Reserve.
  1848 | D:2      | Reached XP level 4. HP: 32/34 MP: 7/7
  1893 | D:2      | Noticed Sigmund
  1924 | D:2      | Slain by Sigmund

Vault maps used:
D:1:      dpeg_arrival_arbitrary_c
D:2:      kennysheep_big_flooded_room, first_bread, st_stairs_9,
          nicolae_gozag_zags_fifth_avenue, uniq_natasha, uniq_sigmund

Skill      XL: |  1  2 |
---------------+-------+-----
Dodging        | 2 |  2.1
Fighting       | |  0.4
Short Blades   | |  0.6
Stealth        | |  1.9
Unarmed Combat | |  0.5
Spellcasting   | |  2.5
Conjurations   | |  1.2
Fire Magic     | |  3.9

Action                   |  1- 3 |  4- 6 || total
-------------------------+-------+-------++-------
Melee: Unarmed           |    28 |       ||    28
       Tailslap          |    11 |     1 ||    12
       Short sword       |    53 |     6 ||    59
 Cast: Flame Tongue      |    32 |     1 ||    33
  Use: Scroll            |       |     2 ||     2
       Potion            |       |     1 ||     1
 Stab: Sleeping          |     2 |       ||     2
  Eat: Chunk             |     3 |     1 ||     4
Armor: Skin              |    30 |     6 ||    36
Dodge: Dodged            |    84 |     9 ||    93

Table legend:
 A = Spawn XP
 B = Non-spawn XP
 C = Spawn XP percentage of total XP
 D = Spawn monster count
 E = Non-spawn monster count
 F = Spawn count percentage of total count
 G = Total turns spent on level
                    A         B        C        D         E        F      G
               +---------+---------+-------+---------+---------+-------+---------
         Total |       0 |     108 |   0.0 |       0 |      35 |   0.0 |  1924
               +---------+---------+-------+---------+---------+-------+---------
           D:1 |       0 |      52 |   0.0 |       0 |      29 |   0.0 |  1448
           D:2 |       0 |      56 |   0.0 |       0 |       6 |   0.0 |   476
               +---------+---------+-------+---------+---------+-------+---------
